 Dungeon Crawl Stone Soup version 0.21.1-1-g345015f (webtiles) character file.

958 Iko the Skirmisher (level 8, -3/103 (105) HPs)
             Began as a Barachi Berserker on May 25, 2018.
             Was a Believer of Trog.
             Slain by a two-headed ogre
             ... wielding a cursed +0 dire flail
              (13 damage)
             ... on level 8 of the Dungeon.
             The game lasted 00:15:21 (1127 turns).

Iko the Skirmisher (Barachi Berserker)              Turns: 1127, Time: 00:15:22

HP:   -3/103 (105)  AC: 11    Str: 23    XL:     8   Next: 14%
MP:   11/11         EV: 14    Int: 11    God:    Trog [**....]
Gold: 51            SH:  0    Dex: 15    Spells: 7/7 levels left

rFire    . . .     SeeInvis .   g - +1 mace (protect)
rCold    . . .     Gourm    .   (no shield)
rNeg     . . .     Faith    .   e - +1 leather armour
rPois    .         Spirit   .   (no helmet)
rElec    .         Reflect  .   (no cloak)
rCorr    .         Harm     .   (no gloves)
MR       .....                  (no boots)
Stlth    ..........             (no amulet)
HPRegen  0.27/turn              (no ring)
MPRegen  0.12/turn              (no ring)

@: berserking, protection aura, quick
A: +LOS, swims, agile 2, deterioration 1, robust 1, slowness 1, strong legs 1
a: Hop, Berserk, Trog's Hand, Burn Spellbooks, Renounce Religion


You were on level 8 of the Dungeon.
You worshipped Trog.
Trog was pleased with you.
You were not hungry.

You visited 1 branch of the dungeon, and saw 8 of its levels.

You collected 51 gold pieces.

Inventory:

Hand Weapons
 g - a +1 mace of protection (weapon)
Armour
 e - a +1 leather armour (worn)
 f - a +0 scale mail
Wands
 a - a wand of clouds (6)
 h - a wand of paralysis (16)
Scrolls
 j - a scroll of remove curse
Potions
 b - a potion of brilliance
 k - a potion of mutation
Books
 i - a book of Changes

   Spells                             Type                      Level
   a - Beastly Appendage              Transmutation                1
   b - Sticks to Snakes               Transmutation                2
   c - Spider Form                    Transmutation/Poison         3
   d - Ice Form                       Ice/Transmutation            4
   e - Blade Hands                    Transmutation                5
   Trog disapproves of the use of such an item.
Comestibles
 c - 3 rations


   Skills:
 + Level 6.2 Fighting
   Level 3.6 Short Blades
   Level 1.0(2.6) Axes
 + Level 3.8(3.9) Maces & Flails
 + Level 3.4 Armour
 + Level 4.4 Dodging
 + Level 2.8 Stealth
 + Level 4.5 Evocations


You had 7 spell levels left.
You didn't know any spells.

Dungeon Overview and Level Annotations

Branches:
Dungeon (8/15)             Temple (0/1) D:4
   Lair: D:8-11

Altars:

Annotations:
D:5 Edmund


Innate Abilities, Weirdness & Mutations

Shadows flee at your approach. (+LOS)
You can swim through water.
You cover ground slowly.
You can hop short distances.
You are very agile. (Dex +4)
Your body sometimes deteriorates upon taking damage.
You are robust. (+10% HP)


Message History

The two-headed ogre is heavily wounded.
The hound closely misses you.
You barely miss the two-headed ogre.
The two-headed ogre is heavily wounded.
The hound misses you. The two-headed ogre closely misses you.
The two-headed ogre hits you but does no damage.
You closely miss the two-headed ogre.
The two-headed ogre is heavily wounded.
The hound bites you but does no damage.
You completely miss the two-headed ogre.
The two-headed ogre is heavily wounded.
The hound bites you.
* * * LOW HITPOINT WARNING * * *
The two-headed ogre hits you with a dire flail!
* * * LOW HITPOINT WARNING * * *
The two-headed ogre closely misses you. The hound bites you but does no damage.
You thump the two-headed ogre!
The two-headed ogre is heavily wounded.
The two-headed ogre hits you with a dire flail!
You die...

.## #. ..
#. .# ###.
##.# ...##
#..# #..#
##.#
#.####..##
#..#.....##
#...<###@O#
#....#
##h.......
#...##
#.......
#......#
.#.....
##.##....
####... #.#
##.... ..
#.. #.####
# ... #.#
... #.#


You could see a two-headed ogre and a hound.

Vanquished Creatures
  Pikel (D:5)
  A necrophage (D:7)
  2 bullfrogs (D:7)
  A water moccasin skeleton (D:6)
  A centaur zombie (D:6)
  2 crimson imps (D:5)
  An orc priest (D:7)
  An iguana (D:5)
  An orc wizard (D:7)
  2 worker ants
  An adder (D:4)
  3 dart slugs
  3 leopard geckos
  6 orcs
  A goblin (D:1)
  2 hobgoblins
  4 jackals (D:5)
  2 frilled lizards
  A kobold (D:1)
36 creatures vanquished.

Notes
Turn   | Place    | Note
-------+----------+-------------------------------------------
     0 | D:1      | Iko the Barachi Berserker began the quest for the Orb.
     0 | D:1      | Reached XP level 1. HP: 18/18 MP: 1/1
   103 | D:2      | Reached XP level 2. HP: 7/25 MP: 2/2
   162 | D:3      | Reached skill level 4 in Fighting
   167 | D:3      | HP: 1/25 [orc (1)]
   280 | D:4      | Reached XP level 3. HP: 11/31 MP: 3/3
   297 | D:4      | Found a staircase to the Ecumenical Temple.
   432 | D:5      | Entered Level 5 of the Dungeon
   440 | D:5      | Reached XP level 4. HP: 20/38 MP: 4/4
   442 | D:5      | Noticed Edmund
   488 | D:5      | Reached skill level 1 in Axes
   488 | D:5      | Reached skill level 1 in Evocations
   555 | D:5      | Reached skill level 5 in Fighting
   555 | D:5      | Reached XP level 5. HP: 33/44 MP: 4/6
   587 | D:5      | Noticed a slave
   588 | D:5      | Noticed a slave
   589 | D:5      | Noticed Pikel
   589 | D:5      | Noticed a slave
   594 | D:5      | Noticed a slave
   605 | D:5      | Killed Pikel
   605 | D:5      | Reached XP level 6. HP: 16/52 MP: 6/9
   605 | D:5      | Reached XP level 7. HP: 18/57 MP: 6/10
   698 | D:6      | Reached skill level 6 in Fighting
   698 | D:6      | Reached skill level 1 in Stealth
   781 | D:7      | Reached ** piety under Trog
   864 | D:7      | Reached XP level 8. HP: 6/64 MP: 11/11
  1098 | D:7      | Gained mutation: You are agile. (Dex +2) [potion of mutation]
  1098 | D:7      | Gained mutation: Your body sometimes deteriorates upon taking damage. [potion of mutation]
  1098 | D:7      | Gained mutation: You are robust. (+10% HP) [potion of mutation]
  1098 | D:7      | Gained mutation: You are very agile. (Dex +4) [potion of mutation]
  1111 | D:8      | Noticed a two-headed ogre
  1127 | D:8      | Slain by a two-headed ogre

Skill      XL: |  1  2  3  4  5  6  7 |
---------------+----------------------+-----
Fighting       | 4 5 6 |  6.2
Axes           | 1 |  1.0
Dodging        | 3 4 |  4.4
Evocations     | 1 4 |  4.5
Armour         | 3 |  3.4
Maces & Flails | 2 3 |  3.8
Stealth        | 2 |  2.8
Short Blades   | |  3.6

Action                   |  1- 3 |  4- 6 |  7- 9 || total
-------------------------+-------+-------+-------++-------
Melee: Hand axe          |    29 |    25 |       ||    54
       Mace              |       |    22 |    75 ||    97
Invok: Berserk           |     3 |       |     3 ||     6
Evoke: Wand              |    10 |    19 |    10 ||    39
  Use: Potion            |     4 |       |     2 ||     6
       Scroll            |     3 |     1 |     1 ||     5
 Stab: Paralysed         |       |       |    21 ||    21
       Sleeping          |       |       |     1 ||     1
  Eat: Chunk             |       |     2 |     2 ||     4
       Ration            |       |       |     1 ||     1
Armor: Animal skin       |     2 |       |       ||     2
       Leather armour    |       |    13 |    22 ||    35
Dodge: Dodged            |    39 |    31 |    49 ||   119
